cohdb
Replays
Latest Replays
All Replays
Popular Replays
Top Player Replays
Match Explorer
How It Works
Community
CoH3 Stats
Reddit
Sign in to upload your games and track your stats! →
Sign in with Steam
Match 41705578
Unlisted
Match 41705578
Overview
Messages
Build Orders
End
Construct Infanterie Kompanie
Selects Breakthrough Battlegroup
Selects Assault Grenadiers
MG 42 Machine Gun Team
Grenadier Squad
Grenadier Squad
Kettenkrad Recon Vehicle
Construct Luftwaffe Kompanie
Selects Smoke Bombing Run
Jäger Squad
Jäger Squad
Selects Mechanized Assault Group
Infanterie Officer Quarters
Support Elements
Smoke Bombing Run
Wirbelwind Flakpanzer
MG 42 Bunker
Jäger Squad
Wirbelwind Flakpanzer
Luftwaffe Officer Quarters
Selects Rapid Production
Selects Blitzkrieg
Medical Bunker
Forward Retreat Point
Construct Panzer Kompanie
Side Skirts
Smoke Bombing Run
Marder III M Tank Destroyer
Stoßtruppen Squad
Stoßtruppen Squad
AI Takeover
WilMax
Artamoule
Fruti2k
Gosling Svodovich
Hubcap
ChefofDeath
Andhrimnir
mæjus
0
0
Comments
sign in to comment!
No comments posted yet!